 Dungeon Crawl Stone Soup version 0.17.0-23-g0de4337 (console) character file.

225 gw the Insei (level 5, 0/46 HPs)
             Began as a Demigod Monk on Nov 14, 2015.
             Succumbed to a scorpion's poison
             ... on level 4 of the Dungeon.
             The game lasted 00:03:41 (4587 turns).

gw the Insei (Demigod Monk)                         Turns: 4587, Time: 00:03:42

Health: 0/46       AC: 12    Str:  7    XL:     5   Next: 40%
Magic:  7/7        EV:  3    Int: 14    God:
Gold:   206        SH:  0    Dex: 25    Spells: 0 memorised, 4 levels left

rFire  . . .     SeeInvis .       - Unarmed
rCold  . . .     Clarity  .     i - +3 chain mail of Cayschet {rCorr Str-5 Dex+5}
rNeg   . . .     SustAt   +     (no shield)
rPois  .         Gourm    .     (no helmet)
rElec  .         Spirit   .     (no cloak)
rCorr  +         Warding  .     (no gloves)
rMut   .         Stasis   .     l - +0 pair of boots
MR     .....                    (no amulet)
Stlth  ..........               m - -2 ring of strength (curse)
                                j - +4 ring of slaying

@: lethally poisoned (0 -> -2), not resistant to hostile enchantments, extremely
unstealthy
A: high mp 1, sustain attributes
a: no special abilities


You were on level 4 of the Dungeon.
You were not hungry.

You visited 1 branch of the dungeon, and saw 4 of its levels.

You collected 206 gold pieces.

Inventory:

Missiles
 c - 133 stones (quivered)
 f - 50 bolts
Armour
 i - the +3 chain mail of Cayschet (worn) {rCorr Str-5 Dex+5}
   (You found it on level 4 of the Dungeon)

   It affects your strength (-5).
   It affects your dexterity (+5).
   It protects you from acid and corrosion.
 l - a +0 pair of boots (worn)
Jewellery
 j - a +4 ring of slaying (left hand)
 m - a cursed -2 ring of strength (right hand)
 n - an uncursed ring of see invisible {unknown}
Wands
 a - a wand of enslavement (12)
Scrolls
 d - a scroll of fear
 g - a scroll of identify
Comestibles
 b - 4 bread rations
 h - 3 chunks of flesh
 k - a beef jerky
 o - a meat ration


   Skills:
 + Level 3.9 Fighting
 + Level 2.2 Armour
 - Level 2.6 Dodging
 - Level 1.7 Stealth
 * Level 5.1 Unarmed Combat


You had 4 spell levels left.
You didn't know any spells.

Dungeon Overview and Level Annotations

Branches:
Dungeon (4/15)
 Temple: D:4-7


Innate Abilities, Weirdness & Mutations

You have an increased reservoir of magic (+10% MP).
Your attributes are resistant to harm.


Message History

You feel sick.
The giant gecko bites you but does no damage.
Trying to move but square is occupied??
Making a random move MOVING TO (-2,-3)
The giant gecko bites you but does no damage. x2
MOVING TO (-1,-2)
You feel sick.
MOVING TO (0,-1)
The giant gecko bites you but does no damage.
MOVING TO (-3,-5) MOVING TO (-2,-4)
You feel sick.
ATTACKING (1,1)
You punch the giant gecko!
You kill the giant gecko!
MOVING TO (-1,-3) MOVING TO (-1,-2) MOVING TO (-1,-1)
You die...

####### ##.....## ##.......##
#.........# #...p.....#
#>..).....# #### #####
#.........# ##... ....###
#.........# #.... ##....####
##....%..## ##... ...##....##
#.........##########.
.#######..###...............#
#. ## ##.............)####.#
#. #####.........## #.# ##.


There were no monsters in sight!

Table legend:
 A = Turns spent in this place as a percentage of turns spent in the entire game.
 B = Non-inter-level travel turns spent in this place as a percentage of non-inter-level travel turns spent in the entire game.
 C = Inter-level travel turns spent in this place as a percentage of turns spent in this place.
 D = Turns resting spent in this place as a percentage of non-inter-level travel turns spent in this place.
 E = Turns spent auto-exploring this place as a percentage of non-inter-level travel turns spent in this place.
 F = Non-inter-level travel turns spent in this place divided by the number of levels of this place that you've seen.
                   A       B       C       D       E      F
               +-------+-------+-------+-------+-------+----------------------
         Total | 100.0 | 100.0 |   0.5 |   1.0 |   2.7 | 1278.2
       Dungeon | 100.0 | 100.0 |   0.5 |   1.0 |   2.7 | 1278.2
               +-------+-------+-------+-------+-------+----------------------

Table legend:
 A = Kills in this place as a percentage of kills in entire the game.
 B = Kills by you in this place as a percentage of kills by you in the entire game.
 C = Kills by friends in this place as a percentage of kills by friends in the entire game.
 D = Other kills in this place as a percentage of other kills in the entire game.
 E = Experience gained in this place as a percentage of experience gained in the entire game.
 F = Experience gained in this place divided by the number of levels of this place that you have seen.
                   A       B       C       D       E      F
               +-------+-------+-------+-------+-------+----------------------
         Total | 100.0 | 100.0 | 100.0 |  -nan | 100.0 |  80.5
       Dungeon | 100.0 | 100.0 | 100.0 |  -nan | 100.0 |  80.5
               +-------+-------+-------+-------+-------+----------------------

Vanquished Creatures
  A hound (D:4)
  2 orc wizards
  An orc priest (D:3)
  3 adders
  2 worms
  4 giant geckos
  9 orcs
  4 giant cockroaches
  8 hobgoblins
  A quokka (D:3)
  A ball python (D:1)
  5 bats
  4 giant newts (D:1)
  3 goblins
  10 kobolds
  9 rats
67 creatures vanquished.

Vanquished Creatures (collateral kills)
  An orc (D:4)
1 creature vanquished.

Vanquished Creatures (others)
  A bat (D:2)
1 creature vanquished.

Grand Total: 69 creatures vanquished

Notes
Turn   | Place    | Note
--------------------------------------------------------------
     0 | D:1      | gw the Demigod Monk began the quest for the Orb.
     0 | D:1      | Reached XP level 1. HP: 18/18 MP: 3/3
   462 | D:1      | Reached XP level 2. HP: 21/26 MP: 4/4
  1699 | D:1      | Reached skill level 4 in Unarmed Combat
  2135 | D:2      | Reached skill level 1 in Armour
  2135 | D:2      | Reached XP level 3. HP: 25/31 MP: 5/5
  2277 | D:2      | Found a white marble altar of Elyvilon.
  3712 | D:3      | Reached XP level 4. HP: 38/38 MP: 6/6
  4279 | D:4      | Reached XP level 5. HP: 37/46 MP: 7/7
  4346 | D:4      | Got a fine chain mail
  4357 | D:4      | Identified the +3 chain mail of Cayschet {rCorr Str-5 Dex+5} (You found it on level 4 of the Dungeon)
  4368 | D:4      | Reached skill level 5 in Unarmed Combat
  4575 | D:4      | HP: 2/46 [poisoned by a scorpion]
  4580 | D:4      | HP: 1/46 [poisoned by a scorpion]
  4587 | D:4      | Succumbed to a scorpion's poison

Action                   |  1- 3 |  4- 6 || total
-------------------------+-------+-------++-------
Melee: Unarmed           |   162 |    56 ||   218
Throw: Stone             |     5 |       ||     5
Evoke: Wand              |       |     2 ||     2
  Use: Scroll            |     9 |     2 ||    11
       Potion            |     3 |     2 ||     5
 Stab: Sleeping          |     1 |       ||     1
  Eat: Chunk             |     9 |     3 ||    12

Vault maps used:
D:1:      saegor_arrival_simple_a
D:2:      nrook_loot_triangle, elyvilon_altar_4
D:3:      hangedman_abyss_or_decor_stabs, uniq_crazy_yiuf_cottage
D:4:      first_bread
